[Event "1st Doppelbauer Kiel IM 2022"]
[Site "Kiel"]
[Date "2022.07.01"]
[Round "4.5"]
[White "Zavgorodniy, Sergiy"]
[Black "Junge, Ralph"]
[Result "1/2-1/2"]
[ECO "E14"]
[WhiteElo "2423"]
[BlackElo "2224"]
[Annotator "TA"]
[PlyCount "50"]
[EventDate "2022.06.30"]
[EventType "tourn"]
[EventCountry "GER"]
[SourceTitle "playchess.com"]
[Source "ChessBase"]
[SourceQuality "1"]
[TimeControl "40/5400+30:1800+30"]

1. d4 e6 2. Nf3 Nf6 3. e3 b6 4. Bd3 Bb7 5. O-O Be7 6. c4 Ne4 7. Nc3 {[%emt 0:05:30] E14: Queen's Indian: Classical Variation (4 e3).} f5 (7... Nxc3 $11 {should be considered.} 8. bxc3 O-O) 8. d5 Nxc3 9. bxc3 O-O 10. e4 Na6 11. exf5 {[%emt 0:01:34] [#]} Nc5 $146 ({Predecessor:} 11... exf5 12. Qc2 g6 13. Bh6 Rf7 14. Ne5 Rf6 15. Rae1 d6 16. Nf3 Bc8 17. Re2 Bd7 {1-0 (63) Christensen,J (2240)-Simonsen,J Aarhus 1993}) 12. fxe6 dxe6 13. Ba3 exd5 14. Re1 $1 Bd6 15. Bxc5 Bxc5 16. Qc2 {[%emt 0:15:37] [#]} (16. Re5 $11 {keeps the balance.}) 16... dxc4 $2 (16... Rxf3 $1 $17 17. gxf3 (17. Bxh7+ $2 Kh8 $19) 17... Qh4) 17. Bxh7+ $14 Kh8 18. Be4 Bxe4 19. Qxe4 Qd3 $1 20. Qh4+ ({White should try} 20. Rad1 $1 $14 Qxe4 21. Rxe4) 20... Qh7 (20... Kg8 $11) 21. Qxc4 (21. Re4 $16) 21... Rxf3 $1 $11 {[%emt 0:00:06] The position is equal.} 22. gxf3 Bxf2+ $1 23. Kh1 {[%emt 0:00:14] Threatens to win with Re2.} Bxe1 24. Rxe1 Qf5 25. Qg4 Rf8 {[%emt 0:00:51] Weighted Error Value: White=0.28 (precise) /Black=0.20 (precise)} 1/2-1/2

[Event "1st Doppelbauer Kiel IM 2022"]
[Site "Kiel"]
[Date "2022.07.02"]
[Round "5.1"]
[White "Junge, Ralph"]
[Black "Beeck, Mats"]
[Result "1-0"]
[ECO "A03"]
[WhiteElo "2224"]
[BlackElo "2169"]
[Annotator "RC"]
[PlyCount "81"]
[EventDate "2022.06.30"]
[EventType "tourn"]
[EventCountry "GER"]
[SourceTitle "playchess.com"]
[Source "ChessBase"]
[SourceQuality "1"]
[TimeControl "40/5400+30:1800+30"]

1. g3 d5 2. f4 h5 3. Nf3 h4 4. Nxh4 e5 5. Ng2 exf4 6. Nxf4 Bd6 7. e3 g5 8. Nh5 Nf6 9. Be2 Nxh5 10. Bxh5 g4 11. Bxg4 Bxg3+ 12. Kf1 Nc6 13. Bf3 Bh3+ 14. Ke2 Bd6 15. d4 Qd7 16. Nc3 Bg4 17. Kd2 Be6 18. a3 O-O-O 19. h4 Qe7 20. Nxd5 Bxd5 21. Bxd5 Nxd4 22. exd4 Bf4+ 23. Kc3 Bxc1 24. Bxb7+ Kxb7 25. Qf3+ Kb8 26. Raxc1 Rxh4 27. Rxh4 Qxh4 28. Rd1 Qe7 29. Kb3 Qe6+ 30. d5 Qg6 31. c4 Qb6+ 32. Ka2 Qc5 33. Rc1 Rf8 34. Rc3 f5 35. Rb3+ Kc8 36. Qe2 Qd6 37. Qf2 f4 38. Qxa7 f3 39. c5 Qf4 40. Qa8+ Kd7 41. Qc6+ 1-0

[Event "1st Doppelbauer Kiel IM 2022"]
[Site "Kiel"]
[Date "2022.07.02"]
[Round "5.2"]
[White "Ermitsch, Magnus"]
[Black "Zavgorodniy, Sergiy"]
[Result "0-1"]
[ECO "C41"]
[WhiteElo "2222"]
[BlackElo "2423"]
[Annotator "TA"]
[PlyCount "73"]
[EventDate "2022.06.30"]
[EventType "tourn"]
[EventCountry "GER"]
[SourceTitle "playchess.com"]
[Source "ChessBase"]
[SourceQuality "1"]
[TimeControl "40/5400+30:1800+30"]

1. e4 e5 2. Nf3 d6 3. d4 exd4 4. Nxd4 Nf6 5. Nc3 Be7 6. Bf4 O-O 7. Qd2 Nc6 8. O-O-O Nxd4 9. Qxd4 Be6 10. f3 Nd7 {[%emt 0:00:19] C41: Philidor Defence.} 11. g4 {[%emt 0:02:37][%cal Bg2g4,Bg4g5][%mdl 32] [#]} Nc5 $146 ({Predecessor:} 11... Bg5 12. Qd2 Bxf4 13. Qxf4 Qh4 14. Qg3 Qxg3 15. hxg3 h6 16. Nb5 Rfc8 17. Nd4 Re8 18. Be2 {½-½ (83) Li,C (2613)-Bu,X (2682) China 2010}) 12. Kb1 c6 {[%emt 1:09:21] White is better.} 13. g5 b5 (13... f6 $14) 14. Ne2 ({Weaker is} 14. Bxd6 Bxd6 15. Qxd6 Qb6 $15) (14. h4 $16) 14... d5 15. Bg2 dxe4 16. fxe4 Qa5 $36 {[%emt 0:00:00][%mdl 2048] Black has good play.} 17. b3 (17. Nc1 $5 Rfd8 18. Qe3 $11) 17... Rad8 ({Black should try} 17... Bg4 18. Qf2 Ne6) 18. Qc3 (18. Qe3 $11) 18... Qxc3 $15 19. Nxc3 b4 (19... Bg4 $5 20. Rxd8 Rxd8 $15) 20. Ne2 (20. Rxd8 $11 {keeps the balance.} Rxd8 21. Nd1) 20... Bg4 $17 21. Rde1 Ne6 {[%emt 0:00:00] [#] Strongly threatening ...Bxe2. Black is more active.} 22. Be5 $2 {[%emt 0:07:07][%mdl 8192] Loses the game.} (22. Bc1 $17) 22... Rd2 $19 23. Bf1 Bf3 24. Rg1 Bc5 25. Kc1 Rfd8 26. Rg3 Bxe4 27. Rd3 Bxd3 28. Kxd2 Bb5+ 29. Kc1 Bf2 {[%emt 0:00:00] Black is clearly winning.} 30. Bg3 Bxe1 31. Bxe1 a5 32. a4 (32. h4 $142) 32... bxa3 33. c4 a2 34. Bc3 {[%emt 0:00:04] [#]} Rd3 $1 35. Ba1 (35. Kb2 Rd1) 35... Rxb3 {[%emt 0:00:00] And now ...Rb1+ would win.} 36. Nc3 {[%emt 0:00:00] Inhibits Rb1+.} Ba6 37. Nxa2 {[%emt 0:00:07] Weighted Error Value: White=0.83/Black=0.23 (precise)} 0-1

[Event "1st Doppelbauer Kiel IM 2022"]
[Site "Kiel"]
[Date "2022.07.02"]
[Round "5.3"]
[White "Fischer, Daniel"]
[Black "Lanka, Zigurds"]
[Result "1/2-1/2"]
[ECO "A34"]
[WhiteElo "2367"]
[BlackElo "2397"]
[Annotator "TA"]
[PlyCount "72"]
[EventDate "2022.06.30"]
[EventType "tourn"]
[EventCountry "GER"]
[SourceTitle "playchess.com"]
[Source "ChessBase"]
[SourceQuality "1"]
[TimeControl "40/5400+30:1800+30"]

1. e4 {[%emt 0:00:03] Szabo,Kr} c5 2. Nf3 a6 3. c4 b6 4. d4 cxd4 5. Nxd4 Bb7 6. Nc3 e6 7. Be3 {[%emt 0:01:48] A34: Symmetrical English: 2 Nc3, lines with ...d5.} Nf6 8. f3 Qc7 9. Rc1 Bd6 {[%emt 0:02:01] [#]} 10. Qd2 $146 ({Predecessor:} 10. g3 h5 11. Qd2 Be7 12. Be2 d6 13. O-O Nbd7 14. Qe1 O-O 15. Qf2 Ne5 16. Rfd1 {½-½ (49) Radjabov,T (2742)-Artemiev,V (2692) Tbilisi 2017 CBM 181 [Szabo,Kr]}) 10... Bxh2 {[%emt 0:02:14] [#]} (10... Bf8 $142) 11. g4 (11. Nd5 $1 $16 exd5 (11... Bg3+ 12. Kd1) 12. cxd5) 11... Bg3+ $14 12. Kd1 {[%emt 0:00:03] aiming for g5. White is more active.} Nc6 13. g5 (13. Nde2 $5 ) 13... Nxd4 $1 14. Qxd4 Ng8 15. Na4 ({But not} 15. Qxb6 Qxb6 16. Bxb6 Bf4 $15) ({Much weaker is} 15. Qxg7 Be5 16. Bf4 Bxf4 $15) 15... Be5 16. Qxb6 Bc6 17. Qxc7 Bxa4+ 18. b3 Bxb3+ 19. axb3 Bxc7 20. Ra1 Ne7 21. c5 {[%emt 0:02:58][%mdl 1024] White has compensation.} a5 22. b4 $1 O-O (22... Ng6 $14) 23. b5 $16 a4 {[%emt 0:03:09] [#]} 24. f4 $1 {[%emt 0:05:27] Against Be5} Ng6 25. f5 ({White has to play} 25. e5 $16) 25... Be5 ({Black should play} 25... exf5 $11 26. exf5 Ne7) 26. Ra2 (26. Ra3 $1 $14 Ne7 27. f6) 26... exf5 $11 27. exf5 Ne7 28. Bd3 (28. f6 {is interesting.} Nd5 29. Bd2 Rfc8 30. Bd3) 28... g6 29. fxg6 hxg6 30. Rh4 $36 {[%emt 0:01:16][%mdl 2048] White has the initiative.} a3 31. Bc1 $1 Nd5 32. Rxa3 Rxa3 33. Bxa3 Ra8 34. Bc1 Ra2 {[%emt 0:06:36] Hoping for ...Nc3+.} 35. Bd2 {[%emt 0:01:02] Strongly threatening Bc4.} Ra1+ 36. Kc2 (36. Ke2 $16) 36... Ra2+ {[%emt 0:00:18] Weighted Error Value: White=0.19 (very precise) /Black=0.18 (very precise)} 1/2-1/2

[Event "1st Doppelbauer Kiel IM 2022"]
[Site "Kiel"]
[Date "2022.07.02"]
[Round "5.4"]
[White "Kopylov, Daniel"]
[Black "Fromm, Marius"]
[Result "0-1"]
[ECO "C90"]
[WhiteElo "2292"]
[BlackElo "2317"]
[Annotator "TA"]
[PlyCount "86"]
[EventDate "2022.06.30"]
[EventType "tourn"]
[EventCountry "GER"]
[SourceTitle "playchess.com"]
[Source "ChessBase"]
[SourceQuality "1"]
[TimeControl "40/5400+30:1800+30"]

1. e4 e5 2. Nf3 Nc6 3. Bb5 a6 4. Ba4 Nf6 5. O-O Be7 6. Re1 b5 7. Bb3 O-O 8. a4 Bb7 9. d3 d6 10. c3 Na5 11. Bc2 c5 12. Nbd2 Nc6 13. Nf1 Re8 14. Ng3 {[%emt 0:01:02] C90: Closed Ruy Lopez with 7...d6: Early deviations.} Bf8 15. h3 b4 {[%emt 0:07:31] [#]} 16. Bg5 $146 {[%emt 0:15:18] The position is equal.} ({Predecessor:} 16. Bb3 Bc8 17. d4 bxc3 18. dxc5 dxc5 19. Bxf7+ Kxf7 20. Qb3+ Ke7 21. Ng5 Nd4 22. Qf7+ {½-½ (49) Bese,I (1495)-Akti,E (1770) Konya 2019}) 16... h6 17. Be3 (17. Bh4 $11) 17... d5 $15 18. Nf5 Na5 19. Bd2 dxe4 (19... c4 {keeps more tension.} 20. d4 exd4 21. e5 bxc3 22. bxc3 d3) 20. dxe4 b3 21. Bxb3 (21. Bb1 $17) 21... Nxb3 $19 22. Qxb3 Bxe4 23. Rxe4 Nxe4 24. Rd1 Rb8 25. Qc2 Nxd2 26. Nxd2 Qb6 27. Nc4 Qe6 28. Nfe3 Rbd8 29. Rxd8 Rxd8 30. Qe4 Re8 31. g4 g6 32. Nd5 (32. a5 {was called for.}) 32... f5 33. Qg2 (33. gxf5 {was the only chance.} gxf5 34. Qg2+ Kf7 35. Qf3) 33... Rd8 34. Nce3 (34. Ncb6) 34... f4 {[%emt 0:00:52] Black is clearly winning.} 35. Nc7 Qb3 36. Nf1 Qxa4 {[%emt 0:02:05] [#] ...e4 is the strong threat.} 37. Ne6 Rd6 38. Nxc5 (38. Nxf8 $142 Kxf8 39. Qa8+ Qe8 40. Qa7) 38... Qc4 39. Ne4 Rd1 {[%emt 0:01:20][%cal Of4f3] ( -> ...f3!)} 40. Ned2 Qd3 {[%emt 0:00:10] aiming for ...Qxd2.} 41. Nf3 {[%emt 0:02:23] [#]} Rxf1+ $1 42. Qxf1 Qxf3 43. Qxa6 Kh7 {[%emt 0:00:24] White got outplayed after the opening.  Weighted Error Value: White=0.85/Black=0.29 (precise)} 0-1

[Event "1st Doppelbauer Kiel IM 2022"]
[Site "Kiel"]
[Date "2022.07.02"]
[Round "5.5"]
[White "Barseghyan, Armen Ar."]
[Black "Arndt, Magnus"]
[Result "1/2-1/2"]
[ECO "E05"]
[WhiteElo "2378"]
[BlackElo "2343"]
[Annotator "TA"]
[PlyCount "40"]
[EventDate "2022.06.30"]
[EventType "tourn"]
[EventCountry "GER"]
[SourceTitle "playchess.com"]
[Source "ChessBase"]
[SourceQuality "1"]
[TimeControl "40/5400+30:1800+30"]

1. d4 Nf6 2. Nf3 e6 3. g3 d5 4. Bg2 Be7 5. O-O O-O 6. c4 dxc4 7. Qc2 a6 8. a4 Bd7 9. Qxc4 Bc6 10. Bg5 Nbd7 11. Nc3 Rc8 {[%emt 0:11:19] E05: Open Catalan: 5 Nf3 Be7.} 12. Rfd1 Nd5 {[%emt 0:03:05] [#]} 13. Bf4 $146 ({Predecessor:} 13. Bxe7 Qxe7 14. e3 N7b6 15. Qb3 Nxc3 16. bxc3 Qe8 17. a5 Ba4 18. Qb1 Bxd1 19. Ng5 {½-½ (54) Kosakowski,J (2441)-Dziewonski,D (1983) Poronin 2021}) 13... Nxf4 {[%emt 0:12:07] The position is equal.} 14. gxf4 Nf6 {[%emt 0:00:07] Against d5} 15. e3 a5 16. Rac1 Bxf3 17. Bxf3 c6 18. Qb3 Nd5 19. Nxd5 cxd5 20. Qb5 Rc7 {[%emt 0:11:21] An interesting draw.  Weighted Error Value: White=0.10 (very precise) /Black=0.08 (flawless)} 1/2-1/2

[Event "1st Doppelbauer Kiel IM 2022"]
[Site "Kiel"]
[Date "2022.07.03"]
[Round "6.1"]
[White "Beeck, Mats"]
[Black "Arndt, Magnus"]
[Result "0-1"]
[ECO "C88"]
[WhiteElo "2169"]
[BlackElo "2343"]
[Annotator "TA"]
[PlyCount "94"]
[EventDate "2022.06.30"]
[EventType "tourn"]
[EventCountry "GER"]
[SourceTitle "playchess.com"]
[Source "ChessBase"]
[SourceQuality "1"]
[TimeControl "40/5400+30:1800+30"]

1. e4 e5 2. Nf3 Nc6 3. Bb5 a6 4. Ba4 Nf6 5. O-O Be7 6. Re1 b5 7. Bb3 O-O 8. a4 Bb7 9. d3 d6 10. Bd2 h6 {[%emt 0:12:35] C88: Closed Ruy Lopez: Anti-Marshall Systems.} 11. h3 (11. Na3 $5 ) 11... Qd7 12. Nc3 {[%emt 0:00:00] [#]} Nd8 $146 {[%emt 0:10:52] White is slightly better.} ({Predecessor:} 12... Na5 13. Ba2 b4 14. Ne2 c5 15. Ng3 Rfe8 16. c3 bxc3 17. Bxc3 Nc6 18. Nd2 d5 19. exd5 Nxd5 {1-0 (59) Fedoseev,V (2690)-Niemann,H (2680) Dubai 2021}) 13. axb5 axb5 14. Rxa8 Bxa8 15. Qa1 Ne6 16. Bxe6 fxe6 17. b4 Bc6 18. Qb2 Ra8 19. d4 exd4 20. Nxd4 e5 21. Qb3+ Kh7 22. Nxc6 Qxc6 23. Qf7 Bf8 (23... Qd7 $11) 24. Re3 $14 Qc4 25. Qxc4 bxc4 26. Nd5 (26. b5 $14 {stays ahead.}) 26... c6 $36 {[%emt 0:02:06][%mdl 2048] Black is really pushing.} 27. Nb6 (27. Nc3 $142) 27... Ra2 28. Nxc4 Rxc2 29. Rc3 {[%emt 0:00:00] [#]} Ra2 ({Weaker is} 29... Rxc3 30. Bxc3 Nxe4 31. Bb2 $11) 30. Be3 Nxe4 31. Rc1 Ra4 32. Nb6 Rxb4 33. Rxc6 Rb1+ 34. Kh2 Nf6 {[%emt 0:04:20] Threatens to win with ...d5.} 35. Nc4 Rd1 $1 36. Rc8 Kg8 ({Better is} 36... Be7 $17 37. Rc7 Nd5) 37. Rd8 $15 Rd5 $1 38. Nb6 Rd1 (38... Ra5 $5 ) 39. Nc4 $1 Rd5 40. Nb6 $1 Ra5 41. Nc4 Ra6 42. f4 e4 43. f5 Rc6 (43... Kf7 $17 44. Bb6 Nd5) 44. Na5 Rc7 {[%emt 0:00:00] aiming for ...Nd5.} 45. Bf4 Rd7 46. Rc8 {[%emt 0:00:00] [#]} (46. Ra8 $15) 46... Nd5 $19 47. Kg3 Ne7 {[%emt 0:00:00] Weighted Error Value: White=0.21 (precise) /Black=0.10 (very precise)} 0-1

[Event "1st Doppelbauer Kiel IM 2022"]
[Site "Kiel"]
[Date "2022.07.03"]
[Round "6.2"]
[White "Fromm, Marius"]
[Black "Barseghyan, Armen Ar."]
[Result "0-1"]
[ECO "B31"]
[WhiteElo "2317"]
[BlackElo "2378"]
[Annotator "TA"]
[PlyCount "94"]
[EventDate "2022.06.30"]
[EventType "tourn"]
[EventCountry "GER"]
[SourceTitle "playchess.com"]
[Source "ChessBase"]
[SourceQuality "1"]
[TimeControl "40/5400+30:1800+30"]

1. e4 c5 2. Nf3 Nc6 3. Bb5 g6 4. O-O Bg7 5. Nc3 Nf6 6. e5 Ng4 7. Bxc6 {[%emt 0:00:04] B31: Sicilian: 2...Nc6 3 Bb5 g6.} dxc6 8. Re1 Nh6 9. d3 {[%emt 0:00:23] White is slightly better.} Nf5 10. Ne4 b6 {[%emt 0:00:46] [#]} 11. a4 $146 ({Predecessor:} 11. Bf4 Be6 12. Qd2 Qd7 13. a3 Rd8 14. Rad1 h6 15. h3 g5 16. Bh2 Nd4 17. Nxd4 Qxd4 {0-1 (65) Cornette,M (2558)-Abasov,N (2632) chess24.com INT 2019}) 11... a5 12. c3 Qd5 ({Better is} 12... O-O $14) 13. Nf6+ exf6 $14 14. exf6+ {[%emt 0:00:06][%mdl 64] [#] Discovered Attack} Kf8 (14... Be6 $1 $14 15. fxg7 Nxg7) 15. fxg7+ $16 Kxg7 16. Re5 ({White should play} 16. g4 $16) 16... Qd8 $11 17. Qe2 f6 18. Re4 Ba6 19. c4 {[%emt 0:01:06] Threatens to win with g4.} Re8 20. Bf4 Rxe4 21. Qxe4 Ra7 22. Qe2 ({Wrong is} 22. Qxc6 $2 Rd7 23. Ng5 fxg5 $19) (22. Re1 $1 $11) 22... Re7 $36 {[%emt 0:03:40][%mdl 2048] Black has some pressure.} 23. Qd2 Rd7 {[%emt 0:03:20] Black converts the advantage convincingly.} 24. Rd1 $2 (24. Qe2 $15) 24... Bxc4 $1 $19 25. Ne1 Bb3 26. Ra1 Rd4 27. Ra3 Bxa4 28. Nf3 Rb4 29. Qc1 Nd4 30. Nxd4 Rxd4 (30... Qxd4 $142 31. g3 Bb5) 31. Be3 {[%emt 0:00:00] [#]} Rxd3 32. Rxd3 Qxd3 {[%emt 0:00:04][%mdl 4096] Endgame KQB-KQB} 33. Bd2 Kf7 34. h3 (34. Bf4 {was called for.}) 34... Qc2 35. Qxc2 Bxc2 {[%emt 0:00:03] KB-KB} 36. Kf1 Ke6 37. Ke2 Kd5 {[%emt 0:00:38] aiming for ...Kc4.} 38. Bc3 f5 {[%emt 0:00:04] And now ...Kc4 would win.} 39. h4 $2 (39. Kd2 Bb3 40. Bf6) 39... Kc4 40. Kd2 Be4 41. g3 a4 42. Be5 Kb3 43. Kc1 b5 44. Bd6 c4 {[%emt 0:00:04][%cal Bc5c4,Bc4c3][%mdl 32] ...b4 is the strong threat.} 45. Be5 b4 {[%emt 0:00:05] ( -> ...c3)} 46. Kd2 {[%emt 0:00:21] Inhibits c3+.} a3 47. bxa3 c3+ {[%emt 0:00:07] Weighted Error Value: White=0.80/Black=0.32} 0-1

[Event "1st Doppelbauer Kiel IM 2022"]
[Site "Kiel"]
[Date "2022.07.03"]
[Round "6.3"]
[White "Lanka, Zigurds"]
[Black "Kopylov, Daniel"]
[Result "1/2-1/2"]
[ECO "B23"]
[WhiteElo "2397"]
[BlackElo "2292"]
[Annotator "TA"]
[PlyCount "39"]
[EventDate "2022.06.30"]
[EventType "tourn"]
[EventCountry "GER"]
[SourceTitle "playchess.com"]
[Source "ChessBase"]
[SourceQuality "1"]
[TimeControl "40/5400+30:1800+30"]

1. e4 c5 2. Nc3 Nc6 3. Bb5 Nd4 4. Nf3 a6 5. Bd3 Nc6 6. Be2 {[%emt 0:00:59] B23: Closed Sicilian: Lines without g3.} e5 7. a4 {[%emt 0:00:27] [#]} Nf6 $146 ({Predecessor:} 7... d6 8. Bc4 Be7 9. d3 Nf6 10. Ng5 O-O 11. f4 Bg4 12. Qd2 exf4 13. Qxf4 Nd4 {1-0 (103) Pridorozhni,A (2590)-Trent,L (2399) Chess.com INT 2020}) 8. Bc4 {[%emt 0:01:15] [#]} (8. O-O $11) 8... h6 (8... Nxe4 $1 $15 9. Nxe4 d5 10. Bxd5 Qxd5) 9. d3 Be7 10. Nd2 O-O 11. Nf1 d6 12. Ne3 Rb8 13. g4 Nd4 14. Nf5 {[%emt 0:02:17] [#]} (14. a5 $1 $11) 14... b5 $1 $17 (14... Nxg4 $2 15. Qxg4 Bxf5 16. exf5 $18) 15. axb5 axb5 16. Ba2 b4 (16... Nxg4 $2 17. Qxg4 Bg5 18. h4 (18. Bxg5 Bxf5 19. exf5 Qxg5 $18) 18... Bxf5 19. exf5 $18) 17. Nd5 Bxf5 18. gxf5 Ra8 {[%emt 0:01:13] ...Nxd5 is the strong threat.} 19. Nxf6+ Bxf6 20. Be3 {[%emt 0:05:35] Weighted Error Value: White=0.27 (precise) /Black=0.13 (very precise)} 1/2-1/2

[Event "1st Doppelbauer Kiel IM 2022"]
[Site "Kiel"]
[Date "2022.07.03"]
[Round "6.4"]
[White "Zavgorodniy, Sergiy"]
[Black "Fischer, Daniel"]
[Result "0-1"]
[ECO "C69"]
[WhiteElo "2423"]
[BlackElo "2367"]
[Annotator "TA"]
[PlyCount "64"]
[EventDate "2022.06.30"]
[EventType "tourn"]
[EventCountry "GER"]
[SourceTitle "playchess.com"]
[Source "ChessBase"]
[SourceQuality "1"]
[TimeControl "40/5400+30:1800+30"]

1. e4 e5 2. Nf3 Nc6 3. Bb5 a6 4. Bxc6 dxc6 5. O-O f6 6. d4 exd4 $1 {[%emt 0:00:06] The main line 6...exd4 scores better than 6...Bg4.} 7. Nxd4 c5 8. Nf5 {[%emt 0:03:45] C69: Ruy Lopez: Exchange Variation with 5 0-0 f6.} (8. Nb3 $11) 8... Qxd1 9. Rxd1 Bd7 (9... Bxf5 $5 10. exf5 Bd6 $15) 10. Bf4 {[%emt 0:01:09] The position is equal.} O-O-O (10... Bxf5 $5 11. exf5 Bd6 12. Bxd6 O-O-O $11) 11. Nc3 {[%emt 0:00:09] [#]} g6 $146 ({Predecessor:} 11... Bxf5 12. Rxd8+ Kxd8 13. exf5 Ne7 14. Rd1+ Kc8 15. g4 h5 16. h3 hxg4 17. hxg4 {½-½ (68) Ivanov,A (2420)-Bryzgalin,K (2450) Sochi 2015}) 12. Ne3 {[%emt 0:02:14] Pair of Knights!} Bh6 $1 13. Bxh6 Nxh6 14. Ncd5 Rhf8 15. Rd2 {[%emt 0:00:27] [#] Ne7+ is the strong threat.} Rde8 {[%emt 0:02:55] Inhibits Ne7+.} 16. Rad1 {[%emt 0:03:18][%cal Od5c7] Strongly threatening Nxc7!} Bc6 17. f3 b6 18. Kf2 Kb7 19. g4 f5 20. exf5 gxf5 21. g5 f4 22. Ng4 Nxg4+ 23. fxg4 Re5 24. h4 Rfe8 $1 25. c4 Re3 26. Rd3 (26. Rh1 $11 {remains equal.}) 26... Re2+ $17 27. Kf3 Rxb2 {[%emt 0:01:00] Hoping for ...Rc2. 0x0.0022fc6dcc03dp-1022s more active pieces.} 28. R3d2 {[%emt 0:04:48] Against Rc2} (28. R1d2 $17 {might work better.} Rb4 29. Rc3) 28... Rb4 $1 $19 29. Rc1 {[%emt 0:00:25] [#]} (29. Rc2 $17) 29... Re5 $1 30. Kf2 Bxd5 31. Rxd5 (31. cxd5 $17 Ra4 32. Rcd1) 31... Re3 {[%emt 0:02:03] ( -> ...Rb2+)} 32. Rd2 {[%emt 0:00:31] Prevents Rb2.} Rh3 {[%emt 0:00:59] Weighted Error Value: White=0.31/Black=0.06 (flawless)} 0-1

[Event "1st Doppelbauer Kiel IM 2022"]
[Site "Kiel"]
[Date "2022.07.03"]
[Round "6.5"]
[White "Junge, Ralph"]
[Black "Ermitsch, Magnus"]
[Result "0-1"]
[ECO "A03"]
[WhiteElo "2224"]
[BlackElo "2222"]
[Annotator "RC"]
[PlyCount "72"]
[EventDate "2022.06.30"]
[EventType "tourn"]
[EventCountry "GER"]
[SourceTitle "playchess.com"]
[Source "ChessBase"]
[SourceQuality "1"]
[TimeControl "40/5400+30:1800+30"]

1. f4 d5 2. Nf3 g6 3. g3 Bg7 4. Bg2 c6 5. d3 Nf6 6. c3 Qb6 7. e3 Bf5 8. O-O Nbd7 9. Nh4 h5 10. Re1 Nc5 11. Bf1 a5 12. Na3 Ng4 13. Nc2 Bd7 14. h3 Nh6 15. Kh2 Nf5 16. Nxf5 Bxf5 17. Nd4 Bd7 18. Nf3 f6 19. e4 dxe4 20. dxe4 O-O-O 21. b4 axb4 22. Be3 Bg4 23. Qe2 bxc3 24. hxg4 hxg4+ 25. Nh4 Qb2 26. Rab1 Qxe2+ 27. Bxe2 Nxe4 28. Bxg4+ f5 29. Bf3 Nd2 30. Bxd2 Rxd2+ 31. Re2 Rhd8 32. Kh3 Rxe2 33. Bxe2 c2 34. Rc1 Rd2 35. Bd3 Rxd3 36. Rxc2 Rd6 0-1

[Event "1st Doppelbauer Kiel IM 2022"]
[Site "Kiel"]
[Date "2022.07.03"]
[Round "7.1"]
[White "Ermitsch, Magnus"]
[Black "Beeck, Mats"]
[Result "1-0"]
[ECO "C90"]
[WhiteElo "2222"]
[BlackElo "2169"]
[Annotator "RC"]
[PlyCount "103"]
[EventDate "2022.06.30"]
[EventType "tourn"]
[EventCountry "GER"]
[SourceTitle "playchess.com"]
[Source "ChessBase"]
[SourceQuality "1"]
[TimeControl "40/5400+30:1800+30"]

1. e4 e5 2. Nf3 Nc6 3. Bb5 a6 4. Ba4 Nf6 5. O-O Be7 6. d3 b5 7. Bb3 d6 8. c3 O-O 9. a4 Bd7 10. Bc2 Re8 11. Re1 h6 12. Nbd2 Bf8 13. h3 Rb8 14. Nf1 b4 15. d4 bxc3 16. bxc3 exd4 17. cxd4 Nb4 18. Ng3 Nxc2 19. Qxc2 d5 20. e5 Ne4 21. Nxe4 dxe4 22. Qxe4 Be6 23. Be3 Bd5 24. Qg4 Re6 25. Qf4 Rb4 26. Rec1 Qd7 27. Qf5 a5 28. Ne1 Rxa4 29. Nd3 Rxa1 30. Rxa1 Qb5 31. Nf4 Re8 32. Nh5 Re6 33. Nf4 Re8 34. Qg4 Ra8 35. Nh5 Ra6 36. Nf6+ Kh8 37. Bxh6 Rxf6 38. Bxg7+ Bxg7 39. Qc8+ Kh7 40. exf6 Bb7 41. Qg4 Bxf6 42. Rc1 Be7 43. f4 Bd6 44. f5 Qd3 45. Qh4+ Kg8 46. Re1 Qxf5 47. Re8+ Bf8 48. Qe7 Qd5 49. Qxf8+ Kh7 50. Qg8+ Kh6 51. Qg4 Kh7 52. Re5 1-0

[Event "1st Doppelbauer Kiel IM 2022"]
[Site "Kiel"]
[Date "2022.07.03"]
[Round "7.2"]
[White "Fischer, Daniel"]
[Black "Junge, Ralph"]
[Result "1/2-1/2"]
[ECO "B35"]
[WhiteElo "2367"]
[BlackElo "2224"]
[Annotator "TA"]
[PlyCount "35"]
[EventDate "2022.06.30"]
[EventType "tourn"]
[EventCountry "GER"]
[SourceTitle "playchess.com"]
[Source "ChessBase"]
[SourceQuality "1"]
[TimeControl "40/5400+30:1800+30"]

1. e4 c5 2. Nf3 g6 3. d4 cxd4 4. Nxd4 Bg7 5. Nc3 Nc6 6. Be3 Nf6 7. Bc4 O-O 8. Bb3 a6 9. f3 Qc7 10. Qd2 b5 11. O-O-O Bb7 12. g4 {[%emt 0:01:55] B35: Sicilian: Accelerated Dragon with 5 Nc3: main line.} Na5 13. Kb1 Rfd8 14. Bh6 (14. Qf2 $1 $14) 14... Nxb3 {[%emt 0:03:57] [#]} 15. axb3 $146 {[%emt 0:00:27] aiming for Bxg7.} ({Predecessor:} 15. cxb3 Bxh6 16. Qxh6 d5 17. e5 Qxe5 18. Rhe1 Qd6 19. Qg5 Kh8 20. a3 Re8 21. f4 {0-1 (36) Mohrlok,D-Bialas,W Bad Pyrmont 1963}) 15... Bh8 {[%emt 0:01:35] [#]} 16. Nf5 $1 d5 $1 17. e5 Ne8 (17... Qxe5 $2 18. Rhe1 Qxf5 19. gxf5 $18) (17... Nxg4 $11 18. fxg4 d4) 18. Qg5 {[%emt 0:08:11] Weighted Error Value: White=0.21 (precise) /Black=0.18 (very precise)} (18. Bf4 $5 d4 19. Nh6+ (19. Nxd4 Bxf3 20. Rhf1 Bxd1 $17) 19... Kf8 20. Ne4 Bxe4 21. fxe4 Bxe5 22. Rdf1 $15) 1/2-1/2